 Dungeon Crawl Stone Soup version 0.29.1-15-g9cfb28693d (webtiles) character file.

Game seed: 12779410011661123584

14 Ihaveafatcat the Magician (level 2, 17/17 HPs)
             Began as an Octopode Hedge Wizard on Mar 29, 2023.
             Got out of the dungeon alive.
             The game lasted 00:01:10 (903 turns).

Ihaveafatcat the Magician (Octopode Hedge Wizard)    Turns: 903, Time: 00:01:11

Health: 17/17      AC:  1    Str:  9    XL:     2   Next: 41%
Magic:  6/6        EV: 13    Int: 16    God:
Gold:   65         SH:  0    Dex: 11    Spells: 6/7 levels left

rFire   . . .      SeeInvis .   a - +0 dagger
rCold   . . .      Faith    .   (no shield)
rNeg    . . .      Spirit   .   b - +0 hat
rPois   .          Reflect  .   (no amulet)
rElec   .          Harm     .   (no ring)
rCorr   .          Rampage  .   (no ring)
Will    .....                   (no ring)
Stlth   +++.......              (no ring)
HPRegen 0.05/turn               (no ring)
MPRegen 0.10/turn               (no ring)
                                (no ring)
                                (no ring)

@: no status effects
A: almost no armour, amphibious, 8 rings, camouflage 1, gelatinous body 1,
(nimble swimmer 1), tentacles
a: no special abilities


You escaped.
You visited 1 branch of the dungeon, and saw 1 of its levels.

You collected 65 gold pieces.

Inventory:

Hand Weapons
 a - a +0 dagger (weapon)
Armour
 b - a +0 hat (worn)
Jewellery
 f - a +6 ring of intelligence
Scrolls
 d - a scroll of torment {unknown}
 g - a scroll of noise {unknown}
 h - a scroll of amnesia {unknown}
Potions
 c - a potion of magic
 e - 2 potions of curing {unknown}


   Skills:
 + Level 2.2 Dodging
 + Level 2.9 Stealth
 + Level 3.0 Spellcasting
 + Level 1.3 Conjurations
 + Level 1.3 Summonings
 + Level 1.2 Translocations


You had 6 spell levels left.
You knew the following spells:

 Your Spells              Type           Power      Damage    Failure   Level
a - Magic Dart            Conj           24%        1d4       11%         1

Your spell library contained the following spells:

 Spells                   Type           Power      Damage    Failure   Level
 Call Imp                 Summ           6%         N/A       16%         2
 Blink                    Tloc           12%        N/A       17%         2
 Slow                     Hex            8%         N/A       19%         1
 Conjure Flame            Conj/Fire      4%         6-21      38%         3
 Mephitic Cloud           Conj/Pois/Air  3%         N/A       43%         3


Dungeon Overview and Level Annotations

Branches:
Dungeon (1/15)

Altars:


Innate Abilities, Weirdness & Mutations

You cannot wear most types of armour.
You are amphibious.
You can wear up to eight rings at the same time.
Your skin changes colour to match your surroundings (Stealth+).
Your rubbery body absorbs attacks. (AC +1, EV +1)
((You are camouflaged when in or above water. (Stealth+)))
You have tentacles for arms and can constrict up to eight enemies at once.


Message History

No target in view!
Found an escape hatch in the floor.
No target in view!
Key pressed, stopping explore.
No target in view!
There is an escape hatch in the floor here.
You see here a +0 whip.
Key pressed, stopping explore.
No target in view!
Key pressed, stopping explore.
Key pressed, stopping explore.
No target in view!
Key pressed, stopping explore.
No target in view!
Key pressed, stopping explore.
No target in view!
No target in view!
You see here 5 stones.
Key pressed, stopping explore.
No target in view!
No target in view!
Done exploring.
No target in view!
Done exploring.
Done exploring.
No target in view!
Done exploring.
No target in view!
Done exploring.
No target in view!
Done exploring.
No target in view!
You see here a stone.
There is a staircase leading out of the dungeon here.
Are you sure you want to leave the Dungeon?
This will make you lose the game!
Alright, then stay!
Are you sure you want to leave the Dungeon?
This will make you lose the game!
Uppercase [Y]es or [N]o only, please.
Are you sure you want to leave the Dungeon?
This will make you lose the game!
You have escaped!

#######...#######
########..##.###.#...#.#########
#.....[##.#..#...#.#...#.....#..
#......#..#.##(###.#########.#..
##..#####.##.#....#....## #....
#...#####......#(.#.##..# #....
#.......########..#..#### #....
#...#......#...#.###...#### ###..
#####....#.#....@....#.#..#####..
#..###...###.#...#.....(.....
#..#####..#..################
#..##..##.#..#......#
#..###....#....#.##.# #####
#..######.###.##.#..# #....
#..##...#.#...#..#.## #.### ###
#..##.#...#.###.##..# #.# ..#
#...#######..######## #.# #


There were no monsters in sight!

Vanquished Creatures
  6 bats (D:1)
  A goblin (D:1)
  2 quokkas (D:1)
  A ball python (D:1)
  A kobold (D:1)
  2 rats (D:1)
13 creatures vanquished.

Notes
Turn   | Place    | Note
-------+----------+-------------------------------------------
     0 | D:1      | Ihaveafatcat the Octopode Hedge Wizard began the quest for
                  | the Orb.
     0 | D:1      | Reached XP level 1. HP: 11/11 MP: 4/4
   332 | D:1      | Reached XP level 2. HP: 16/17 MP: 6/6
   479 | D:1      | Found a faded altar of an unknown god.
   903 | D:$      | Got out of the dungeon alive.

Illustrated notes

Levels and vault maps discovered:
D:1:      psy_arrival_radial01, layout_loops_ring, ebering_ecumenical_altar_box

Action                   || total
-------------------------++-------
Melee: Dagger            ||    24
       Constrict         ||     7
       Tentacles         ||     3
 Stab: Sleeping          ||     4
Armor: Skin              ||     6
Dodge: Dodged            ||    22
